 Zot Defence DCSS version 0.15.2 (webtiles) character file.

4873 hexophile the Fighter (level 10, -2/86 HPs)
             Began as a Mummy Chaos Knight on Sept 28, 2015.
             Was a Plaything of Xom.
             Slain by a blink frog (14 damage)
             ... in the Realm of Zot (Scenario I: Hall of Zot).
             The game lasted 00:02:25 (2873 turns).

hexophile the Fighter (Mummy Chaos Knight)          Turns: 2873, Time: 00:02:25

HP  -2/86        AC  8     Str 15      XL: 10   Next: 26%
MP  10/10        EV 10     Int 14      God: Xom
Gold 0           SH  0     Dex  9 (11) Spells:  0 memorised,  9 levels left

rFire  x . .     SeeInvis .     a - +0 hand axe (chaos)
rCold  + . .     Clarity  .     b - +2 leather armour
rNeg   + + +     rCorr    .     (no shield)
rPois  +         rRot     +     (no helmet)
rElec  .         Spirit   .     (no cloak)
SustAb .         Warding  .     (no gloves)
rMut   .         Stasis   .     (no boots)
Gourm  .                        (no amulet)
MR     +....                    (no ring)
                                c - +3 ring of protection

@: somewhat resistant to hostile enchantments, very unstealthy
A: no food or potions, fire vulnerability, restore body, cold resistance 1,
negative energy resistance 3, poison resistance, torment resistance, unbreathing
a: Make oklob sapling, Make arrow trap, Make plant, Remove Curse, Make burning
bush, Make altar, Make grenades, Make oklob plant, Make net trap, Make ice
statue, Make spear trap, Renounce Religion


You were in the Realm of Zot.
You worshipped Xom.
You were a special plaything of Xom.
You were not hungry.

You visited 1 branch

Inventory:

Hand weapons
 a - a +0 hand axe of chaos (weapon)
Armour
 b - a +2 leather armour (worn)
Scrolls
 h - a scroll of blinking
Jewellery
 c - a +3 ring of protection (left hand)
Books
 d - a book of Power

   Spells                             Type                      Level
   Fulminant Prism                    Conjuration/Hexes            4
   Iskenderun's Mystic Blast          Conjuration                  4
   Venom Bolt                         Conjuration/Poison           5
   Bolt of Magma                      Conjuration/Fire/Earth       5
   Iron Shot                          Conjuration/Earth            6
   Orb of Destruction                 Conjuration                  7


   Skills:
 + Level 10.6 Fighting
 + Level 9.1 Axes
 - Level 3.8 Armour
 - Level 1.0 Dodging


You had 9 spell levels left.
You didn't know any spells.

Dungeon Overview and Level Annotations

Branches:
    Zot (1/1)

Altars:
Xom


Innate Abilities, Weirdness & Mutations

You do not eat or drink.
Your flesh is vulnerable to fire.
Your flesh is cold resistant.
You are immune to negative energy.
Your system is resistant to poisons.
You are immune to unholy pain and torment.
You can survive without breathing.


Message History

The insubstantial wisp closely misses you.
The blink frog blinks!
Unknown command. "This might be better!"
The fire bat suddenly seems more agile.
The blink frog blinks! x2
The blink frog blinks! x3
The insubstantial wisp hits you.
* * * LOW HITPOINT WARNING * * *
Unknown command.
A spiny frog comes into view.
The troll changes into an eye of draining!
The blink frog hits the blink frog!
The blink frog is killed!
You hear some strange, mumbled words.
You hit the blink frog. You burn the blink frog.
The blink frog is lightly wounded.
The blink frog hits you!
You die...
Xom thinks this is hilarious!

▓▓∆▓▓ ### ▓▓∆▓▓ ###▓▓▓
########<######## ▓▓▓### ...##
#......<_<......# ##... ....##
##.......F.....## ##.... .....##
#.............# ##..... ......#
##...........## #...... ......#
#F.(........# #...... ......#
##....%F.....## #...... ......#
#......@......# #...... ......#
##.............## #......
......###......v%bvv....###......
.....###..G###########...###.....
....##...F## ##....##....
........### ###........ #########
######### ....#### ####....
.......### ###.......


You could see a spiny frog, an eye of draining shaped shifter, 3 blink frogs, a
fire bat and 3 insubstantial wisps.

Vanquished Creatures
  2 harpies (Zot)
  A wolf spider (Zot)
  4 blink frogs (Zot)
  A yellow wasp (Zot)
  A giant frog (Zot)
  3 insubstantial wisps (Zot)
12 creatures vanquished.

Vanquished Creatures (collateral kills)
  A harpy (Zot)
  An insubstantial wisp (Zot)
2 creatures vanquished.

Vanquished Creatures (others)
  A crimson imp (Zot)
  An iron imp (Zot)
  A shadow imp (Zot)
  A quokka (Zot)
4 creatures vanquished.

Grand Total: 18 creatures vanquished

Notes
Turn   | Place    | Note
--------------------------------------------------------------
     0 | Zot      | hexophile, the Mummy Chaos Knight, began the quest for the Orb.
     0 | Zot      | Reached XP level 1. HP: 18/18 MP: 1/1
    71 | Zot      | XOM: silly message
    87 | Zot      | XOM: silly message
    96 | Zot      | XOM: god gift: 15 arrows of frost
   319 | Zot      | XOM: god gift: silver ring {god gift}
   522 | Zot      | XOM: silly message
   525 | Zot      | XOM: silly message
   638 | Zot      | XOM is BORED!
   638 | Zot      | XOM: mild Necr miscast
   950 | Zot      | XOM: stat loss: -1 Dex (10/11)
  1028 | Zot      | XOM: scenery: create altars
  1272 | Zot      | XOM: stat loss: -1 Dex (9/11)
  1723 | Zot      | XOM: god gift: leatherbound book {god gift}
  1827 | Zot      | XOM is BORED!
  1827 | Zot      | XOM: mild Tloc miscast
  1980 | Zot      | XOM: mild Trmt miscast
  2557 | Zot      | Noticed a wolf spider
  2558 | Zot      | XOM: fake destruction
  2576 | Zot      | XOM: enchant monster (good)
  2587 | Zot      | Killed a wolf spider
  2587 | Zot      | Reached skill level 5 in Fighting
  2587 | Zot      | Reached skill level 5 in Axes
  2587 | Zot      | Reached skill level 1 in Dodging
  2587 | Zot      | Reached XP level 2. HP: 22/28 MP: 2/2
  2587 | Zot      | Reached XP level 3. HP: 26/34 MP: 3/3
  2587 | Zot      | Reached XP level 4. HP: 30/40 MP: 4/4
  2587 | Zot      | Reached XP level 5. HP: 34/46 MP: 5/5
  2587 | Zot      | Reached XP level 6. HP: 38/52 MP: 6/6
  2587 | Zot      | Reached XP level 7. HP: 41/57 MP: 7/7
  2609 | Zot      | Reached skill level 6 in Fighting
  2665 | Zot      | XOM: stat loss: -1 Dex (9/11)
  2674 | Zot      | Reached XP level 8. HP: 62/65 MP: 8/8
  2691 | Zot      | Noticed a harpy
  2692 | Zot      | Noticed a harpy
  2692 | Zot      | Noticed a harpy
  2710 | Zot      | Killed a harpy
  2710 | Zot      | Reached skill level 8 in Fighting
  2714 | Zot      | XOM: confuse monster(s)
  2715 | Zot      | Reached XP level 9. HP: 71/74 MP: 9/9
  2719 | Zot      | XOM: divination: detect creatures
  2722 | Zot      | XOM: silly message
  2728 | Zot      | XOM: cast spell 'Confusing Touch'
  2735 | Zot      | Killed a harpy
  2735 | Zot      | Reached skill level 9 in Fighting
  2735 | Zot      | XOM: cast spell 'Summon Small Mammal'
  2753 | Zot      | Killed a harpy
  2769 | Zot      | XOM: destruction
  2775 | Zot      | XOM: polymorph blink frog -> fire bat
  2799 | Zot      | XOM: summons friendly crimson imp
  2800 | Zot      | XOM: potion effect (heal wounds)
  2812 | Zot      | XOM: noise
  2828 | Zot      | XOM: harmless Erth miscast
  2830 | Zot      | Reached skill level 10 in Fighting
  2839 | Zot      | XOM: summons 2 friendly demons
  2839 | Zot      | Reached XP level 10. HP: 27/85 MP: 10/10
  2857 | Zot      | XOM: polymorph blink frog -> troll
  2868 | Zot      | XOM: enchant monster (bad)
  2873 | Zot      | Slain by a blink frog

Action                   |  1- 3 |  4- 6 |  7- 9 | 10-12 || total
-------------------------+-------+-------+-------+-------++-------
Melee: Hand axe          |    24 |       |   135 |    17 ||   176
 Stab: Petrifying        |     1 |       |       |       ||     1
       Confused          |       |       |     3 |       ||     3
       Paralysed         |       |       |     3 |       ||     3
